 Dungeon Crawl Stone Soup version 0.31.0-9-g3a7656b989 (console) character file.

Game seed: 9719265466528422537

368 AlterAsc the Chopper (level 7, -1/52 HPs)
             Began as a Formicid Fighter on Jan 31, 2024.
             Splashed by a jelly's acid (10 damage)
             ... on level 4 of the Dungeon.
             The game lasted 00:04:47 (2743 turns).

AlterAsc the Chopper (Formicid Fighter)             Turns: 2743, Time: 00:04:47

Health: -1/52      AC: -1    Str: 22    XL:     7   Next: 1%
Magic:  7/7        EV:  9    Int:  8    God:
Gold:   190        SH:  5    Dex: 13    Spells: 6/6 levels left

rFire   . . .        a - +0 war axe
rCold   . . .        c - +0 buckler
rNeg    . . .        b - +0 scale mail
rPois   .            (helmet unavailable)
rElec   .            (no cloak)
rCorr   .            (no gloves)
SInv    +            (no boots)
Will    .....        (no amulet) Stlth
                     (no ring)
HPRegen 0.28/turn    (no ring)
MPRegen 0.10/turn

%: no passive effects
@: corroded
A: permanent stasis, dig shafts and tunnels, antennae 3, four strong arms
a: Dig, Shaft Self


You were on level 4 of the Dungeon.
You visited 1 branch of the dungeon, and saw 4 of its levels.

You collected 190 gold pieces.

Inventory:

Hand Weapons
 a - a +0 war axe (weapon)
Missiles
 i - 4 boomerangs (quivered)
Armour
 b - a +0 scale mail (worn)
 c - a +0 buckler (worn)
Scrolls
 e - 2 scrolls of vulnerability {unknown}
 f - 2 scrolls of enchant armour {unknown}
 g - a scroll of fog {unknown}
 h - a scroll of fear {unknown}
 j - 4 scrolls of identify {unknown}
 l - 2 scrolls of teleportation {unknown}
 m - a scroll of noise {unknown}
Potions
 k - 2 potions of degeneration {unknown}
 n - a potion of lignification {unknown}
 o - 2 potions of curing {unknown}
 p - a potion of attraction {unknown}
 q - a potion of mutation {unknown}
 r - a potion of heal wounds {unknown}
 s - a potion of resistance {unknown}
 t - a potion of enlightenment {unknown}


   Skills:
 - Level 3.2 Fighting
 + Level 6.9 Axes
 - Level 3.2 Armour
 - Level 4.0 Shields


You had 6 spell levels left.
You didn't know any spells.
Your spell library contained the following spells:

 Spells                   Type           Power      Damage    Failure   Level
 Magic Dart               Conj           0%         1d3       80%         1
 Summon Small Mammal      Summ           0%         N/A       80%         1
 Ensorcelled Hibernation  Hex/Ice        0%         N/A       91%         2
 Searing Ray              Conj           0%         2d4       91%         2
 Passwall                 Erth           0%         N/A       99%         3
 Fulminant Prism          Conj/Alch      0%         3d5       100%        4
 Swiftness                Air            Unusable   N/A       N/A         3

Dungeon Overview and Level Annotations

Branches:
Dungeon (4/15)
 Temple: D:4-7

Altars:
Dithmenos
Sif Muna
Vehumet

Shops:
D:1 ![(


Innate Abilities, Weirdness & Mutations

You cannot be hasted, slowed, berserked, paralysed or teleported.
You can dig through walls and to a lower floor.
You have a pair of large antennae on your head. (SInv)
Your four strong arms can wield two-handed weapons with a shield.


Message History

A giant cockroach comes into view.
You hit the giant cockroach.
The giant cockroach is heavily wounded.
You block the giant cockroach's attack.
You slash the giant cockroach!
You kill the giant cockroach!
No target in view!
You sense a monster nearby.
You sense a monster nearby.
You sense a monster nearby.
You sense a monster nearby.
No target in view!
You sense a monster nearby.
You sense a monster nearby.
You sense a monster nearby.
A jelly comes into view.
The jelly moves out of view.
You sense a monster nearby.
You hit the jelly but do no damage. The acid corrodes you!
Your hands burn!
The jelly hits you but does no damage.
You slash the jelly!
Your hands burn!
The jelly is heavily wounded.
You block the jelly's attack.
You barely miss the jelly.
The jelly is heavily wounded.
The jelly hits you.
You are splashed with acid!
You barely miss the jelly.
The jelly is heavily wounded.
The jelly hits you.
You are splashed with acid!
You hit the jelly but do no damage.
Your hands burn!
The jelly is heavily wounded.
The jelly hits you.
You are splashed with acid.
The jelly hits you. The acid corrodes you!
You are splashed with acid!
* * * LOW HITPOINT WARNING * * *
You hit the jelly.
Your hands burn!
* * * LOW HITPOINT WARNING * * *
The jelly is almost dead.
The jelly jiggles.
The jelly hits you.
* * * LOW HITPOINT WARNING * * *
You are splashed with acid!
You die...

.... .. .
...#######.
.. .........
... .......
.... .....
#....#...
#......J#
#.@#### ##
##....# #.#.
{ +.##.#
#.#. {
{#....####.#
#.#. {
####...##.#
#.#.
##..##.#
#...
{{#.....#
#... {{
###{##.##..#
#... {
#.###..##..#
#..# {{
{#......#
#.#####<.# #
{{#......#
#.....#..#


You could see a jelly.

Vanquished Creatures
  Grinder (D:4)
  A scorpion (D:4)
  3 adders
  A ribbon worm (D:3)
  3 dart slugs
  An orc (D:3)
  3 bats
  7 endoplasms
  6 giant cockroaches
  5 goblins
  6 hobgoblins
  3 jackals (D:4)
  3 quokkas
  8 ball pythons
  2 frilled lizards (D:2)
  5 kobolds
  5 rats (D:1)
63 creatures vanquished.

Notes
Turn   | Place    | Note
-------+----------+-------------------------------------------
     0 | D:1      | AlterAsc the Formicid Fighter began the quest for the Orb.
     0 | D:1      | Reached XP level 1. HP: 18/18 MP: 1/1
    85 | D:1      | Reached XP level 2. HP: 22/24 MP: 2/2
    94 | D:1      | Found Xumirphi's Armour Shoppe.
   162 | D:1      | Found Tofaesho's Distillery.
   190 | D:1      | Found Juurphaph's Weapon Emporium.
   223 | D:1      | Reached skill level 3 in Axes
   461 | D:1      | Reached XP level 3. HP: 21/29 MP: 3/3
   980 | D:2      | Reached skill level 4 in Axes
   980 | D:2      | Reached XP level 4. HP: 35/35 MP: 4/4
  1091 | D:2      | Found a faded altar of an unknown god.
  1098 | D:2      | Got Plato's Codex of the Throng
  1813 | D:3      | Found a shimmering blue altar of Sif Muna.
  1957 | D:3      | Found a shadowy altar of Dithmenos.
  2437 | D:4      | Reached XP level 5. HP: 34/41 MP: 5/5
  2530 | D:4      | Noticed Grinder
  2544 | D:4      | Killed Grinder
  2545 | D:4      | Reached skill level 6 in Axes
  2545 | D:4      | Reached XP level 6. HP: 31/47 MP: 6/6
  2610 | D:4      | Reached XP level 7. HP: 52/52 MP: 7/7
  2610 | D:4      | Found a radiant altar of Vehumet.
  2743 | D:4      | Splashed by a jelly's acid

Illustrated notes

Levels and vault maps discovered:
D:1:      elethiomel_arrival_shortcut, layout_basic, serial_shops, shop,
          nicolae_shop_tiny_statue_garden, nicolae_shop_advertising_works
          [nicolae_subvault_shop_adworks], serial_bayou_ford_a
D:2:      layout_basic, shapermc_ecumenical_altar_rom_forum,
          chequers_serial_rivers_micro_a, minivault_24
D:3:      layout_basic, lemuel_doored_altar, nicolae_dithmenos_shadow_blocks,
          hangedman_abyss_or_decor_stabs, kennysheep_big_empty_room,
          chequers_serial_rivers_marsh
D:4:      layout_basic, mainiacjoe_overflow_chevrons,
          chequers_temple_overflow_statue_of_worship, minmay_joined_circles,
          uniq_grinder

Skill      XL: |  1  2  3  4  5 |
---------------+----------------+-----
Axes           | 3 4 6 |  6.9
Fighting       | |  3.2
Armour         | |  3.2
Shields        | |  4.0

Action                     |  1- 3 |  4- 6 |  7- 9 || total
---------------------------+-------+-------+-------++-------
  Melee: War axe           |    77 |    65 |    19 ||   161
  Throw: Boomerang         |       |     5 |       ||     5
    Use: Potion            |       |     1 |       ||     1
 Armour: Scale mail        |    47 |    39 |    12 ||    98
  Dodge: Dodged            |    30 |    20 |     3 ||    53
  Block: Buckler           |    16 |    10 |     5 ||    31
